FIQ, neutral male gnomish Wizard --------- -.. |.......| ..... ........ |......------ --..... .<..^........ |..--........-----........ *............... --..--C-----........| ...*..%...%.........- --..--G*| ---------- ..........(...... |^..--.| .....*. ....--- ---..----- ..- .......- ..---.. FIQ the Thaumaturge Experience level: 6 Strength: 9 Dexterity: 15 Constitution: 14 Intelligence: 19 Wisdom: 11 Charisma: 12 Health: 0(38) Energy: 22(45) Def: 4 Gold: 138 Moves: 2704 Dungeon seed: Vi2l-hGBK8Nr_zrt Game ID: FIQ_1446647270 Your Inventory: Coins $ - 138 gold pieces Amulets A - a cursed amulet of change Weapons a - a blessed +1 quarterstaff (weapon in hands) Armor e - an uncursed +0 cloak of magic resistance (being worn) n - an uncursed +0 studded leather armor (being worn) Comestibles s - an uncursed slime mold Scrolls h - 2 uncursed scrolls of identify i - a blessed scroll of punishment j - an uncursed scroll of confuse monster t - a blessed scroll of confuse monster Spellbooks l - an uncursed spellbook of detect monsters y - a blessed spellbook of force bolt Potions f - 2 uncursed potions of water g - a blessed potion of blindness x - an uncursed potion of monster detection z - an uncursed potion of booze Rings c - an uncursed ring of protection from shape changers d - an uncursed ring of poison resistance Wands b - a wand of fire (0:3) B - a wand of secret door detection (0:13) Tools k - an uncursed skeleton key P - a horn of plenty (0:2) Gems q - 2 uncursed rubies r - an uncursed worthless piece of red glass Spells and supernatural/magical abilities: Name Level Category Fail Memory a - force bolt 1 attack 0% 87% n - detect monsters 1 divination 0% 87% W - pray for help -- divine ? -- Your skills at the end: Fighting Skills wands [Basic] Weapon Skills quarterstaff [Basic] Spellcasting Skills attack spells [Basic] enchantment spells [Basic] Final Attributes: You were piously aligned. You were magic-protected. You had infravision. You are dead. Vanquished creatures: a winter wolf 2 giant spiders 2 orc mummies a Mordor orc 2 rock piercers a shrieker a violet fungus a gray ooze 2 giant ants a dwarf a kobold shaman 3 rothes a rabid rat a giant bat 2 wererats 2 werejackals 4 iguanas 3 coyotes a gas spore 5 hobbits 2 large kobolds a hobgoblin 5 giant rats 4 cave spiders a green mold a red mold a gnome 2 gnome zombies 4 geckos 4 jackals 4 foxes a kobold a goblin a sewer rat a grid bug 10 lichens a kobold zombie 4 newts 85 creatures vanquished. Voluntary challenges: You were an atheist. You used a wielded weapon 84 times, starting on turn 23. You read items or engraved 16 times, starting on turn 2015. You never genocided any monsters. You never polymorphed an object. You never changed form. You used no wishes. You never split a pudding. You wrote Elbereth's name 13 times, starting on turn 2015. You violated your moral code, losing 1 point of alignment, starting on turn 733. Dungeon overview: The Dungeons of Doom: levels 1 to 2 Level 1 a long staircase Level 2 stairs to The Gnomish Mines The Gnomish Mines: levels 3 to 11 Level 3 stairs to The Dungeons of Doom Level 4 Level 5 many shops, a temple to Thoth, some fountains Level 6 Level 7 Level 8 Level 9 Level 10 Level 11 <- You were here History has recorded: On T:1 you entered the Dungeons of Doom to retrieve the Amulet of Yendor! On T:403 you reached level 2 of The Dungeons of Doom. On T:443 you advanced to experience level 2. On T:640 you reached level 1 of The Gnomish Mines. On T:652 you advanced to experience level 3. On T:722 you reached level 2 of The Gnomish Mines. On T:984 you reached level 3 of The Gnomish Mines. On T:1115 you advanced to experience level 4. On T:1436 you reached level 4 of The Gnomish Mines. On T:1652 you advanced to experience level 5. On T:1682 you reached level 5 of The Gnomish Mines. On T:2003 you reached level 6 of The Gnomish Mines. On T:2204 you reached level 7 of The Gnomish Mines. On T:2244 you advanced to experience level 6. On T:2510 you reached level 8 of The Gnomish Mines. On T:2585 you reached level 9 of The Gnomish Mines. Score breakdown: Gold: 138 ( 7289 points) Experience: 6 levels (12456 points) Exploration: 11 levels ( 22.45%) (13693 points) Discoveries: 3 items ( 1.03%) ( 3046 points) Valuables value: (no points given unless you survive) Artifact value: 0 ( 0 points) Variety of kills: 38 monsters ( 9.92%) ( 9449 points) Turncount: 2704 turns ( -446 points) Survival: died (score multiplied by 80%) Total score: 36389 Latest messages: You miss the plains centaur. The plains centaur hits! The plains centaur kicks! You die... Final status: Goodbye FIQ the Wizard, killed by a plains centaur... You died in The Gnomish Mines on dungeon level 11 with 36389 points, and 138 pieces of gold, after 2704 moves. You were level 6 with a maximum of 38 hit points when you died.